Map: New Williamsberg

Players

Manta - Winner!

  • Race: Zerg Zerg
  • League: Silver
  • Spawn Location: 6:00

Njwboom - Winner!

  • Race: Protoss Protoss
  • League: Diamond
  • Spawn Location: 0:00

Dallinger - Winner!

  • Race: Terran Terran
  • League: Diamond
  • Spawn Location: 9:00

Chubakka

  • Race: Zerg Zerg
  • League: Silver
  • Spawn Location: 0:00

Dream

  • Race: Terran Terran
  • Spawn Location: 3:00

SOY

  • Race: Terran Terran
  • League: Platinum
  • Spawn Location: 12:00

VOD

Have the link to the VOD?

Description

Time

  • Played on: Feb. 19, 2016, 11:37 p.m.
  • Length: 6:56
Show
View Real Time Build Order
Export as new Build Order

Manta Zerg - Winner!

Build Orders: 3 Hatch before Pool 

Get SALT Encoding   

  12  0:02  Drone  
  13  0:20  Drone  
  14  0:38  Hatchery  
  13  1:05  Hatchery  
  12  1:14  Drone  
  12  1:15  Drone  
  12  1:17  Overlord  
  14  1:38  Drone x2  
  16  1:46  Spawning Pool  
  15  1:49  Extractor  
  15  1:50  Drone  
  15  1:51  Extractor  
  14  1:55  Drone  
  15  2:20  Drone x4  
  15  2:21  Drone x2  
  21  2:27  Drone  
  21  2:29  Drone  
  23  2:33  Drone  
  24  2:37  Drone  
  24  2:40  Drone  
  26  2:48  Drone x2  
  26  2:50  Drone  
  29  2:53  Drone  
  30  3:03  Lair  
  30  3:12  Drone x4  
  34  3:15  Extractor  
  34  3:18  Drone x2, Extractor  
  34  3:34  Overlord x3  
  34  4:06  Spire  
  34  4:07  Drone x9  
  34  4:08  Spire  
  41  4:33  Queen  
  41  4:34  Queen  
  41  4:36  Queen  
  47  4:47  Overlord  
  47  4:48  Overlord x2  
  47  5:00  Extractor  
  46  5:27  Mutalisk x7  
  60  5:30  Drone  
  60  5:31  Drone  
  62  5:42  Queen  
  62  5:47  Hatchery x2  
  62  6:00  Drone x12  
  76  6:36  Overlord x3  
Show
View Real Time Build Order
Export as new Build Order

Njwboom Protoss - Winner!

Build Orders: Blink Stalkers 

Get SALT Encoding   

  12  0:04  Probe (Chrono Boost)  
  13  0:14  Probe (Chrono Boost)  
  14  0:22  Pylon  
  14  0:25  Probe (Chrono Boost)  
  15  0:40  Probe (Chrono Boost)  
  16  0:42  Gateway  
  16  0:44  Assimilator  
  16  0:50  Probe (Chrono Boost)  
  16  0:56  Assimilator  
  17  1:01  Probe (Chrono Boost)  
  18  1:06  Pylon  
  18  1:11  Probe (Chrono Boost)  
  19  1:22  Probe (Chrono Boost)  
  20  1:31  Cybernetics Core  
  21  1:32  Probe (Chrono Boost)  
  21  1:43  Probe (Chrono Boost)  
  22  1:47  Gateway  
  22  1:53  Gateway  
  22  1:59  Gateway  
  22  2:07  Stalker  
  24  2:08  Warp Gate (Chrono Boost)  
  24  2:25  Twilight Council  
  24  2:27  Pylon  
  24  2:29  Probe  
  25  2:35  Stalker  
  27  2:44  Stalker  
  29  2:58  Stalker  
  31  3:06  Blink (Chrono Boost)  
  31  3:21  Pylon  
  31  3:24  Stalker  
  31  3:25  Stalker  
  35  3:41  Gateway  
  34  4:28  Stalker x2  
  34  4:29  Stalker x2  
  34  4:30  Pylon  
  42  4:48  Stalker  
  44  4:53  Pylon  
  42  5:09  Stalker x4  
  44  5:33  Stalker x3  
  50  5:45  Stalker  
  50  5:46  Stalker  
  54  6:15  Stalker x3  
  60  6:22  Stalker  
  62  6:51  Pylon  
  62  6:53  Pylon  
Show
View Real Time Build Order
Export as new Build Order

Dallinger Terran - Winner!

Build Orders:  

Get SALT Encoding   

  12  0:01  SCV  
  13  0:13  SCV  
  14  0:25  Supply Depot, SCV  
  15  0:41  Refinery  
  15  0:47  SCV  
  16  0:50  Barracks  
  16  0:59  SCV  
  17  1:11  SCV  
  18  1:16  Refinery  
  18  1:23  SCV  
  19  1:38  Supply Depot  
  19  1:40  Orbital Command  
  19  1:42  Barracks Reactor  
  19  1:59  Factory  
  19  2:06  SCV  
  20  2:11  Barracks  
  20  2:15  Barracks  
  20  2:18  SCV  
  21  2:24  Marine x2  
  23  2:40  Engineering Bay  
  23  2:45  Starport  
  23  2:48  Factory Reactor  
  23  2:56  Marine x2  
  25  2:59  SCV  
  25  3:03  Barracks Tech Lab  
  26  3:06  Barracks Reactor  
  26  3:13  Supply Depot  
  26  3:19  SCV  
  27  3:24  Stimpack  
  27  3:35  Terran Infantry Weapons Level 1  
  27  3:46  Medivac x2  
  31  3:54  Supply Depot  
  31  3:58  Marine x5  
  36  4:16  Supply Depot  
  36  4:21  Medivac  
  38  4:39  Marine x5  
  42  4:57  Marine x5  
  44  5:57  Marine x4  
Show
View Real Time Build Order
Export as new Build Order

Chubakka Zerg 

Build Orders: Pool First 

Get SALT Encoding   

  12  0:03  Drone  
  13  0:09  Drone  
  14  0:33  Spawning Pool  
  13  0:36  Drone  
  14  0:54  Extractor  
  13  0:57  Extractor  
  13  0:58  Drone  
  13  0:59  Drone  
  14  1:22  Overlord  
  14  1:36  Overlord  
  14  1:42  Drone  
  14  1:43  Spawning Pool  
  14  1:52  Drone  
  14  1:53  Drone  
  16  2:05  Drone  
  17  2:16  Drone  
  17  2:22  Drone  
  19  2:30  Queen  
  21  2:39  Metabolic Boost  
  21  2:40  Baneling Nest  
  21  2:43  Zergling x2  
  21  2:46  Zergling x2  
  21  2:47  Hatchery  
  21  3:28  Lair  
  21  3:30  Drone  
  21  3:31  Drone x2  
  24  3:58  Zergling x4  
  24  3:59  Zergling x2  
  24  4:00  Zergling x2  
  28  4:24  Evolution Chamber  
  28  4:26  Baneling x3  
  28  4:27  Baneling x3  
  28  4:30  Zergling x4  
  26  4:46  Zergling x4  
  26  4:48  Zergling x2  
  29  4:53  Zergling x6  
  32  5:01  Zergling x2  
  19  5:10  Zergling x4  
  9  5:16  Zergling x2  
  9  5:18  Zergling x2  
  5  5:26  Queen  
  7  5:28  Zergling x4  
  5  5:43  Zergling x2  
  3  5:58  Zergling x2  
Show
View Real Time Build Order
Export as new Build Order

Dream Terran 

Build Orders:  

Get SALT Encoding   

  12  0:01  SCV  
  13  0:13  SCV  
  14  0:17  Supply Depot  
  14  0:25  SCV  
  15  0:39  SCV  
  15  0:41  Barracks  
  16  0:45  Refinery  
  16  0:51  SCV  
  17  1:03  SCV  
  18  1:15  SCV  
  18  1:18  Supply Depot  
  19  1:27  SCV  
  19  1:32  Marine  
  21  1:39  SCV  
  22  1:49  Barracks  
  22  1:56  Factory  
  22  1:58  Orbital Command  
  22  2:16  Marine  
  23  2:24  SCV  
  23  2:26  Refinery  
  24  2:33  Supply Depot  
  24  2:37  SCV  
  25  2:42  Marine x2  
  25  2:43  Widow Mine  
  29  2:49  SCV  
  29  3:00  Marine  
  29  3:04  SCV  
  31  3:11  Barracks  
  31  3:16  SCV  
  32  3:21  Widow Mine  
  34  3:28  SCV  
  35  3:35  Marine x2  
  35  3:40  SCV  
  38  3:47  Supply Depot  
  38  3:51  Command Center  
  38  3:52  SCV  
  38  4:06  SCV  
  38  4:08  Barracks Tech Lab  
  38  4:09  Marine x2  
  41  4:18  Supply Depot, SCV  
  41  4:20  Starport, Factory Tech Lab  
  42  4:27  Combat Shields  
  42  4:29  Marine x2  
  42  4:30  SCV  
Show
View Real Time Build Order
Export as new Build Order

SOY Terran 

Build Orders:  

Get SALT Encoding   

  12  0:02  SCV  
  13  0:14  SCV  
  14  0:28  SCV  
  15  0:32  Supply Depot  
  15  0:48  Refinery  
  15  0:57  Barracks  
  15  0:59  SCV  
  16  1:44  Marine  
  17  1:59  Command Center  
  17  2:00  SCV  
  18  2:10  Marine  
  18  2:12  SCV  
  20  2:24  SCV  
  21  2:34  Supply Depot  
  21  2:36  SCV  
  22  2:44  Barracks Tech Lab  
  22  2:50  Factory  
  22  2:57  SCV  
  23  3:02  Refinery  
  25  3:08  Reaper  
  25  3:10  Refinery  
  24  3:36  SCV  
  24  3:40  Reaper, Factory Tech Lab  
  26  3:44  SCV  
  27  3:56  Barracks  
  27  4:12  Marine  
  28  4:20  Orbital Command  
  28  4:23  Orbital Command  
  28  4:29  Marine  
  28  4:30  Siege Tank  
  32  4:45  Marine  
  32  4:47  Marine  
  34  5:05  Marine  
  29  5:23  Marine x2  
  5  5:45  Hellion  
  6  5:55  Orbital Command  
  5  6:06  SCV  
  6  6:18  SCV  
  7  6:30  SCV  
  7  6:31  Refinery, SCV  
  7  6:43  SCV  
Tags
 
Add a new tag
Caveats
  • Supply blocks, unpowered buildings, or Contaminate may cause inaccurate times.
  • Supply counts are checked every 10 seconds.